 Dungeon Crawl Stone Soup version 0.31-a0-799-g6bc09d010c (webtiles) character file.

Game seed: 11007665897071495141

17971 rddays123 the Severer (level 12, -7/119 HPs)
             Began as a Minotaur Fighter on Sept 19, 2023.
             Was a High Priest of Okawaru.
             Hit by a large rock thrown by a cyclops (39 damage)
             ... on level 11 of the Dungeon.
             The game lasted 00:33:33 (11486 turns).

rddays123 the Severer (Minotaur Fighter)           Turns: 11486, Time: 00:33:34

Health: -7/119     AC: 23    Str: 26    XL:     12   Next: 23%
Magic:  16/16      EV:  7    Int:  5    God:    Okawaru [*****.]
Gold:   0          SH: 10    Dex: 10    Spells: 11/11 levels left

rFire   + . .        a - +1 war axe
rCold   . . .        U - +1 kite shield {AC+3}
rNeg    . . .        r - +2 plate armour
rPois   .            e - +0 hat {Will+}
rElec   .            K - +0 cloak
rCorr   .            h - +2 pair of gloves
SInv    .            g - +0 pair of boots
Will    +....        (no amulet) Stlth
                     l - ring of protection from fire
HPRegen 0.39/turn    n - +4 ring of slaying
MPRegen 0.15/turn

%: no passive effects
@: on berserk cooldown
A: horns 2, retaliatory headbutt
a: Renounce Religion, Heroism, Finesse, Duel


You were on level 11 of the Dungeon.
You worshipped Okawaru.
Okawaru was extremely pleased with you.
You visited 2 branches of the dungeon, and saw 14 of its levels.

You collected 208 gold pieces.
You spent 208 gold pieces at shops.

Inventory:

Hand Weapons
 a - a +1 war axe (weapon)
 G - a +2 whip of flaming
Missiles
 u - 2 throwing nets
Armour
 e - a +0 hat of willpower (worn)
 g - a +0 pair of boots (worn)
 h - a +2 pair of gloves (worn)
 r - a +2 plate armour (worn)
 C - the +1 Delatra's gloves {ID++}
   (You found it on level 4 of the Dungeon)

   ID++:      It heals its wearer when they drink unknown potions, and restores
   their MP when they read unknown scrolls.
 K - a +0 cloak (worn)
 U - a +1 kite shield of protection (worn)
Jewellery
 l - a ring of protection from fire (left hand)
 n - a +4 ring of slaying (right hand)
 M - a ring of wizardry
 S - an amulet of guardian spirit
Wands
 w - a wand of mindburst (19)
 O - a wand of roots (4)
Scrolls
 c - a scroll of butterflies {unknown}
 f - a scroll of poison
 i - a scroll of fog
 k - 2 scrolls of noise
 o - 2 scrolls of immolation
 p - 4 scrolls of teleportation
 q - a scroll of fear
 s - a scroll of acquirement {unknown}
 v - 2 scrolls of silence
 y - a scroll of vulnerability {unknown}
 D - a scroll of blinking {unknown}
 E - a scroll of brand weapon {unknown}
 L - a scroll of amnesia
 R - a scroll of identify
Potions
 b - a potion of mutation
 d - a potion of lignification
 j - 3 potions of curing
 m - a potion of berserk rage
 z - 2 potions of attraction
 A - 2 potions of enlightenment
 B - a potion of resistance
 F - a potion of ambrosia
 H - a potion of haste
 I - a potion of invisibility
 J - a potion of degeneration
 P - a potion of might
 Q - 2 potions of heal wounds


   Skills:
 - Level 15.1 Fighting
 + Level 15.2 Axes
 - Level 5.8 Armour
 + Level 2.8 Dodging
 + Level 6.8 Shields
 - Level 6.9 Invocations


You had 11 spell levels left.
You didn't know any spells.
Your spell library contained the following spells:

 Spells                   Type           Power      Damage    Failure   Level
 Apportation              Tloc           0%         N/A       100%        1
 Freeze                   Ice            0%         1d3       100%        1
 Magic Dart               Conj           0%         1d3       100%        1
 Sting                    Tmut/Pois      0%         1d3       100%        1
 Blink                    Tloc           0%         N/A       100%        2
 Ensorcelled Hibernation  Hex/Ice        0%         N/A       100%        2
 Jinxbite                 Hex            0%         N/A       100%        2
 Lesser Beckoning         Tloc           0%         N/A       100%        2
 Momentum Strike          Conj/Tloc      0%         3d8       100%        2
 Poisonous Vapours        Pois/Air       0%         N/A       100%        2
 Searing Ray              Conj           0%         2d4       100%        2
 Frozen Ramparts          Ice            0%         1d1       100%        3
 Hailstorm                Conj/Ice       0%         3d3       100%        3
 Anguish                  Hex/Necr       0%         N/A       100%        4
 Fulminant Prism          Conj/Hex       0%         3d5       100%        4
 Olgreb's Toxic Radiance  Pois           0%         N/A       100%        4
 Alistair's Intoxication  Tmut/Pois      0%         N/A       100%        5
 Metabolic Englaciation   Hex/Ice        0%         N/A       100%        5
 Discord                  Hex            0%         N/A       100%        8
 Tukima's Dance           Hex            Unusable   N/A       N/A         3

Dungeon Overview and Level Annotations

Branches:
Dungeon (13/15)            Temple (1/1) D:5            Lair (0/5) D:10
    Orc (0/2) D:9
 Vaults: D:13-14

Altars:
Ashenzari
Cheibriados
Dithmenos
Elyvilon
Fedhas
Gozag
Hepliaklqana
Kikubaaqudgha
Makhleb
Nemelex Xobeh
Okawaru
Qazlal
Ru
Sif Muna
Trog
Uskayaw
Vehumet
Wu Jian
Xom
Yredelemnul
Zin
The Shining One

Shops:
D:1 [   D:9 ([?*!:   D:10 *=

Annotations:
D:10 exclusion: ice statue
D:11 Maurice


Innate Abilities, Weirdness & Mutations

You have a pair of horns on your head.
You reflexively headbutt those who attack you in melee.


Message History

You feel yourself slow down.
You hear a zap.
Something tries to affect you, but you resist.
You hear a zap.
Something tries to affect you, but you resist.
A silver javelin appears from out of thin air!
The silver javelin pierces through you. Something hits you.
* * * LOW HITPOINT WARNING * * *
Something grunts, "Curses!"
You are poisoned.
Something hits you!
* * * LOW HITPOINT WARNING * * *
Something groans, "What are you, a monk?"
You are more poisoned.
Okay, then.
Okay, then.
Okay, then.
As you read the scroll of fog, it dissolves into smoke.
* * * LOW HITPOINT WARNING * * *
You feel extremely sick. Something hits you.
* * * LOW HITPOINT WARNING * * *
Something grunts, "Curses!"
You are more poisoned.
You feel better. You block something's attack.
Something hits you but does no damage.
You are poisoned.
You feel better.
You hear some strange, mumbled words.
Your magical effects are unravelling.
You feel magically purged.
You feel yourself speed up.
Okay, then.
As you read the scroll of teleportation, it crumbles to dust.
You feel strangely unstable. Something hits you but does no damage.
Your surroundings suddenly seem different.
The cyclops throws a large rock.
The large rock hits you!!!
You die...

..#[# #..######....(...# .
..#.# ##.<...###......##...
..).# ##[##....##.......#
..<## #.#####>.....###.# ##.#
#.#####...#...C..# #.#
#...##........#### ##<#
####..#.##......######## #..#
##......................#
#.##
#..........@....)).......#
#.#
#.#....######...[######..#
#.# #....... #..))[...:# #
#.# #...##.. #.........# #.#
#...##......#.........# #.#
#.......^ ..#.........# #<#
#.#....#!...#.........#
#.####[#.........?...........
..)....#......##.^...........


You could see a cyclops.

Vanquished Creatures
  Gastronok (D:8)
  Harold (D:11)
  A centaur warrior (D:11)
  3 two-headed ogres
  2 tengu warriors (D:11)
  Sonja (D:11)
  Pikel (D:5)
  A manticore (D:11)
  An ugly thing (D:10)
  An elephant (D:9)
  A gargoyle (D:11)
  3 kobold demonologists (D:9)
  A tengu conjurer (D:11)
  Grinder (D:5)
  2 hornets
  Prince Ribbit (D:8)
  Sigmund (D:5)
  4 wyverns
  14 yaks
  A basilisk (D:10)
  Grum (D:11)
  Eustachio (D:4)
  3 acid dragons (D:10)
  Edmund (D:5)
  A black bear (D:10)
  5 orc warriors
  2 ice beasts
  A sky beast (D:7)
  3 ogres
  2 wolves (D:11)
  3 centaurs
  A phantom (D:6)
  A lemure (D:5)
  5 kobold brigands
  5 bullfrogs
  A gnoll sergeant (D:7)
  5 wights (D:6)
  5 scorpions
  19 killer bees
  A howler monkey (D:11)
  3 gnoll boudas (D:7)
  8 hounds
  6 orc priests
  Crazy Yiuf (D:3)
  4 iguanas
  13 orc wizards
  A sleepcap (D:6)
  13 gnolls
  11 adders
  2 white imps (D:6)
  3 ufetubi
  62 orcs
  8 bats
  6 endoplasms
  5 giant cockroaches
  4 goblins
  11 hobgoblins
  5 jackals
  5 quokkas
  7 ball pythons
  3 frilled lizards
  27 kobolds
  4 rats
320 creatures vanquished.

Notes
Turn   | Place    | Note
-------+----------+-------------------------------------------
     0 | D:1      | rddays123 the Minotaur Fighter began the quest for the Orb.
     0 | D:1      | Reached XP level 1. HP: 19/19 MP: 0/0
   222 | D:1      | Found Pyub's Armour Shoppe.
   313 | D:1      | Got an engraved book
   320 | D:1      | Reached XP level 2. HP: 27/27 MP: 1/1
  1060 | D:2      | Reached XP level 3. HP: 33/33 MP: 2/2
  1210 | D:2      | Reached XP level 4. HP: 40/40 MP: 3/3
  1543 | D:2      | Identified the +2 leather armour of Disappointment
                  | {Rampage}
  1966 | D:3      | Found a hide-covered altar of Uskayaw.
  2026 | D:3      | Reached XP level 5. HP: 42/47 MP: 4/4
  2324 | D:3      | Reached skill level 5 in Shields
  2362 | D:3      | Reached skill level 5 in Fighting
  2448 | D:3      | Found a runed translucent door.
  2449 | D:3      | Noticed Crazy Yiuf
  2581 | D:3      | Reached skill level 5 in Armour
  2741 | D:3      | Killed Crazy Yiuf
  2742 | D:3      | Reached XP level 6. HP: 47/56 MP: 5/5
  3025 | D:4      | Noticed Eustachio
  3045 | D:4      | Killed Eustachio
  3140 | D:4      | Found a shimmering blue altar of Sif Muna.
  3322 | D:4      | Noticed an orc warrior
  3371 | D:3      | Killed an orc warrior
  3372 | D:3      | Reached skill level 5 in Axes
  3372 | D:3      | Reached XP level 7. HP: 59/62 MP: 6/6
  3696 | D:4      | Found the +1 Delatra's gloves {ID++}
  3857 | D:5      | Entered Level 5 of the Dungeon
  3868 | D:5      | Found a staircase to the Ecumenical Temple.
  3885 | Temple   | Entered the Ecumenical Temple
  3900 | Temple   | Became a worshipper of Warmaster Okawaru
  3973 | D:5      | Noticed Grinder
  3987 | D:5      | Paralysed by Grinder for 3 turns
  3990 | D:5      | Killed Grinder
  4079 | D:5      | Noticed Edmund
  4088 | D:5      | Killed Edmund
  4088 | D:5      | Reached * piety under Okawaru
  4089 | D:5      | Reached XP level 8. HP: 60/73 MP: 7/7
  4212 | D:5      | Reached skill level 1 in Invocations
  4232 | D:5      | Noticed Pikel
  4271 | D:5      | Identified the +6 rapier "Pendulum" {freeze, rF+ rC+}
  4287 | D:5      | Killed Pikel
  4287 | D:5      | Reached ** piety under Okawaru
  4371 | D:5      | Noticed Sigmund
  4375 | D:5      | Killed Sigmund
  4556 | D:6      | Reached XP level 9. HP: 82/82 MP: 10/10
  4732 | D:6      | Found a large runed translucent door.
  4733 | D:6      | Found a large runed translucent door.
  5531 | D:6      | Found an ancient bone altar of Kikubaaqudgha.
  5537 | D:6      | Reached skill level 5 in Invocations
  5541 | D:6      | Found a snail-covered altar of Cheibriados.
  5546 | D:6      | Reached *** piety under Okawaru
  5711 | D:7      | Reached skill level 10 in Fighting
  5811 | D:7      | Found a burning altar of Makhleb.
  5813 | D:7      | Noticed a cacodemon
  5824 | D:7      | Found a glowing silver altar of Zin.
  5824 | D:7      | Noticed an angel
  5946 | D:7      | Reached skill level 10 in Axes
  6715 | D:7      | Reached XP level 10. HP: 80/95 MP: 12/12
  7058 | D:8      | Noticed Prince Ribbit
  7067 | D:8      | Killed Prince Ribbit
  7285 | D:8      | Reached **** piety under Okawaru
  7397 | D:8      | Noticed Gastronok
  7422 | D:8      | Killed Gastronok
  7422 | D:8      | Received a gift from Okawaru
  7462 | D:8      | Reached ***** piety under Okawaru
  7655 | D:9      | Found Buewel's Distillery.
  7791 | D:9      | Found a staircase to the Orcish Mines.
  7805 | D:9      | Noticed a two-headed ogre
  7816 | D:9      | Killed a two-headed ogre
  7881 | D:9      | Found a basalt altar of Yredelemnul.
  7889 | D:9      | Found Xumit's Antique Weapon Emporium.
  7978 | D:9      | Found Qyxer's Magic Scroll Boutique.
  8044 | D:9      | Found Osilo's Antique Armour Emporium.
  8152 | D:9      | Bought a potion of might for 56 gold pieces
  8152 | D:9      | Bought a potion of heal wounds for 70 gold pieces
  8157 | D:9      | Found Honiroup's Gadget Gallery.
  8207 | D:9      | Reached XP level 11. HP: 104/107 MP: 13/13
  8273 | D:9      | Noticed a sun demon
  8385 | D:9      | Bought a scroll of enchant weapon for 82 gold pieces
  8716 | D:9      | Found Ysuulem's Book Boutique.
  9050 | D:10     | Entered Level 10 of the Dungeon
  9100 | D:9      | Received a gift from Okawaru
  9501 | D:10     | Found an ornate altar of the Wu Jian Council.
  9542 | D:10     | Identified the +0 trident of Watchfulness {holy, SInv}
  9603 | D:10     | Found a blossoming altar of Fedhas.
  9647 | D:10     | Found Guoxzoib's Jewellery Shoppe.
  9673 | D:10     | Found Ihopsuy's Neck Hole.
  9832 | D:10     | Found a staircase to the Lair.
  9997 | D:11     | Noticed a two-headed ogre
 10066 | D:10     | Killed a two-headed ogre
 10165 | D:11     | You fall into a shaft and drop 2 floors!
 10180 | D:13     | Noticed a centaur warrior
 10186 | D:12     | Noticed a centaur warrior
 10320 | D:11     | Noticed Sonja
 10330 | D:11     | Killed Sonja
 10523 | D:11     | Noticed Harold
 10533 | D:11     | Killed Harold
 10541 | D:11     | Noticed a tengu warrior
 10548 | D:11     | Noticed a two-headed ogre
 10855 | D:11     | Killed a tengu warrior
 10856 | D:11     | Reached skill level 15 in Fighting
 10969 | D:11     | Noticed a purple ugly thing
 10971 | D:11     | Noticed a tengu warrior
 10993 | D:10     | Killed a purple ugly thing
 10994 | D:10     | Reached XP level 12. HP: 94/119 MP: 16/16
 11077 | D:11     | Killed a tengu warrior
 11078 | D:11     | Reached skill level 1 in Dodging
 11180 | D:11     | Noticed a centaur warrior
 11362 | D:11     | Identified the +9 short sword of the Living God {heavy,
                  | Int+3}
 11362 | D:11     | Noticed Grum
 11376 | D:11     | Killed Grum
 11382 | D:11     | Reached skill level 15 in Axes
 11430 | D:11     | Noticed Maurice
 11438 | D:11     | Killed a two-headed ogre
 11438 | D:11     | Identified the +1 hat of Adwusas {-Tele rN+ Int+2} (Okawaru
                  | gifted it to you on level 11 of the Dungeon)
 11438 | D:11     | Received a gift from Okawaru
 11445 | D:11     | Killed a centaur warrior
 11450 | D:11     | Something stole an amulet of faith
 11453 | D:11     | Something stole the +0 trident of Watchfulness {holy, SInv}
 11461 | D:11     | Something stole a silver javelin
 11465 | D:11     | Something stole 324 gold
 11467 | D:11     | Something stole 340 gold
 11486 | D:11     | Hit by a large rock thrown by a cyclops

Illustrated notes

Levels and vault maps discovered:
D:1:      evilmike_arrival_hilbert_curve, layout_basic, serial_shops, shop,
          minmay_pentomino_v2
D:2:      minmay_kobold_bridge, layout_loops_ring, grunt_decor_resistance,
          minmay_three_crescents
D:3:      layout_basic, nicolae_uskayaw_dance_hall, minmay_misc_feat_columns,
          kennysheep_boxes, uniq_crazy_yiuf_cottage
D:4:      layout_loops_ring, tgw_sif, minmay_misc_feat_nine_boxes,
          pf_guarded_unrand_delatra, uniq_eustachio
D:5:      layout_rooms, minmay_temple_entry_wispy, uniq_edmund, uniq_sigmund,
          uniq_pikel, uniq_grinder
D:6:      layout_loops_ring, jmf_multi_god_temple2, grunt_ministairs_6
D:7:      kennysheep_housing_project, layout_layer_cave,
          grunt_temple_overflow_order_and_chaos_2
D:8:      layout_rooms, uniq_prince_ribbit1, uniq_gastronok
D:9:      layout_irregular_city, mainiacjoe_overflow_alcove_4,
          hiddenorc2_lemuel, serial_shops, nicolae_square_shop, shop, shop,
          nicolae_shop_waterfront, shop, nicolae_shop_gadgets
D:10:     lemuel_ice_statue, layout_cross, nzn_wu_jian_council_hall,
          fedhas_ov_isle_minmay, david_lair_generic, serial_shops, shop,
          nicolae_shop_sticking_my_neck_out
D:11:     minmay_cut_squares, layout_rooms, nicolae_qazlal_style_of_elements,
          uniq_maurice, uniq_sonja, uniq_grum, uniq_harold
D:12:     layout_loops_corners, gammafunk_ghost_split
D:13:     layout_small_grid, serial_shops, shop
Temple:   hellmonk_temple_forest_ring

Skill      XL: |  1  2  3  4  5  6  7  8  9 10 11 12 |
---------------+-------------------------------------+-----
Fighting       | 4 5 7 8 11 13 15 | 15.1
Axes           | 3 4 5 6 8 10 13 14 15 | 15.2
Armour         | 4 5 |  5.8
Shields        | 4 5 6 |  6.8
Invocations    | 3 5 6 |  6.9
Dodging        | 2 |  2.8

Action                     |  1- 3 |  4- 6 |  7- 9 | 10-12 || total
---------------------------+-------+-------+-------+-------++-------
  Melee: War axe           |    51 |   138 |   219 |   345 ||   753
         Headbutt          |     6 |    20 |    43 |    80 ||   149
 Invoke: Heroism           |       |       |     3 |     2 ||     5
         Finesse           |       |       |       |     2 ||     2
    Use: Scroll            |       |     9 |       |    21 ||    30
         Potion            |       |     1 |       |    10 ||    11
 Armour: Scale mail        |    31 |       |       |       ||    31
         Plate armour      |       |    91 |   176 |   378 ||   645
         Chain mail        |       |    15 |       |       ||    15
  Dodge: Dodged            |    28 |    42 |    49 |    93 ||   212
  Block: Buckler           |     9 |    33 |    45 |    90 ||   177
         Kite shield       |       |       |       |    32 ||    32

Table legend: (Time is in decaauts)
 A = Elapsed time spent in this place.
 B = Non-inter-level travel time spent in this place.
 C = Inter-level travel time spent in this place.
 D = Time resting spent in this place.
 E = Time spent auto-exploring this place.
 F = Levels seen in this place.
 G = Mean time per level.
                   A        B        C        D        E       F      G
               +--------+--------+--------+--------+--------+-----+--------+
         Total |  11588 |  11072 |    516 |   1926 |   6538 |  14 |  827.7 |
       Dungeon |  11557 |  11070 |    487 |   1926 |   6538 |  13 |  889.0 |
        Temple |     30 |      1 |     29 |      0 |      0 |   1 |   30.0 |
               +--------+--------+--------+--------+--------+-----+--------+

Top non-repeatable levels by time:
    D:10: 1418 daAuts
     D:9: 1373 daAuts
     D:7: 1318 daAuts
     D:6: 1144 daAuts
     D:1: 1065 daAuts
     D:3: 1059 daAuts
     D:4: 1003 daAuts
     D:2: 825 daAuts
     D:8: 797 daAuts
    D:11: 743 daAuts
     D:5: 669 daAuts
    D:12: 116 daAuts
  Temple: 30 daAuts
    D:13: 20 daAuts
